Map: Dusk Towers

Players

Miszu

  • Race: Terran Terran
  • League: Grandmaster

IIIIIIIIIII - Winner!

  • Race: Zerg Zerg
  • League: Grandmaster

VOD

Have the link to the VOD?

Description

Time

  • Played on: Feb. 22, 2016, 5:22 p.m.
  • Length: 3:40
Show
View Real Time Build Order
Export as new Build Order

Miszu Terran 

Build Orders:  

Get SALT Encoding   

  12  0:00  SCV  
  13  0:12  SCV  
  14  0:17  Supply Depot  
  14  0:24  SCV  
  15  0:39  SCV  
  15  0:40  Barracks  
  16  0:46  Refinery  
  16  0:52  SCV  
  17  1:04  SCV  
  18  1:17  SCV  
  19  1:30  Orbital Command  
  19  1:35  Barracks Reactor  
  19  1:42  Command Center  
  19  1:51  Supply Depot  
  19  1:56  SCV  
  20  2:08  SCV  
  21  2:13  Factory  
  21  2:16  Marine  
  21  2:17  Marine, Refinery  
  21  2:22  SCV  
  24  2:26  Supply Depot  
  24  2:34  SCV  
  25  2:38  Marine  
  25  2:39  Marine  
  27  2:46  SCV  
  28  2:54  Orbital Command  
  28  2:58  Starport, SCV  
  29  3:00  Factory Tech Lab  
  29  3:10  SCV  
  29  3:22  SCV  
  29  3:24  SCV  
Show
View Real Time Build Order
Export as new Build Order

IIIIIIIIIII Zerg - Winner!

Build Orders: Hatch First 

Get SALT Encoding   

  12  0:01  Drone  
  13  0:09  Drone  
  14  0:18  Overlord  
  14  0:37  Extractor, Drone x3  
  17  1:01  Hatchery  
  16  1:13  Spawning Pool  
  16  1:18  Extractor, Drone  
  14  1:27  Drone x2  
  14  1:29  Drone  
  17  1:45  Drone  
  18  1:53  Overlord  
  18  2:00  Roach Warren, Extractor  
  16  2:08  Zergling x2  
  17  2:13  Queen  
  17  2:14  Zergling x2  
  20  2:41  Roach x3  
  26  3:02  Ravager x3  
  26  3:05  Roach  
  31  3:29  Ravager  
Tags
 
Add a new tag
Caveats
  • Supply blocks, unpowered buildings, or Contaminate may cause inaccurate times.
  • Supply counts are checked every 10 seconds.